[Event "1st Caplin Menchik Memorial 2022"]
[Site "London"]
[Date "2022.06.23"]
[Round "6.3"]
[White "Varney, Zoe"]
[Black "Schulze, Lara"]
[Result "0-1"]
[ECO "C22"]
[WhiteElo "2046"]
[BlackElo "2303"]
[Annotator "TA"]
[PlyCount "108"]
[EventDate "2022.06.21"]
[EventType "tourn"]
[EventCountry "ENG"]
[SourceTitle "playchess.com"]
[Source "ChessBase"]
[SourceQuality "1"]
[TimeControl "5400+30"]

1. e4 e5 2. d4 exd4 3. Qxd4 Nc6 4. Qe3 Bb4+ 5. Nc3 Nge7 (5... Nf6 $11) 6. Bd2 $14 {[%emt 0:04:19] C22: Centre Game.} O-O 7. O-O-O d6 8. Qg3 {[%emt 0:05:11] White is slightly better.} Be6 {[%emt 0:07:42] [#]} 9. Nf3 $146 ({Predecessor:} 9. f4 f5 10. Nf3 fxe4 11. Ng5 Qd7 12. Ncxe4 Bg4 13. Bxb4 Nxb4 14. Re1 d5 15. Nc5 {1-0 (27) Rudd,J (2345)-Horner,J (2372) Liverpool 2008}) 9... f6 10. Bd3 (10. h4 $14) 10... Bf7 (10... Bc5 $11) 11. h4 {[%emt 0:08:31] Threatens to win with Bh6.} Kh8 12. h5 Ne5 13. Be2 (13. h6 Nxd3+ 14. cxd3 g6 $14) 13... Nxf3 14. gxf3 a5 (14... h6 $142) 15. Qh4 (15. h6 $16 g6 16. f4) 15... Nc6 (15... Bxc3 $2 16. Bxc3 Ng8 17. h6 $18) 16. Rdg1 ({White should try} 16. h6 $16 {hxg7+ would kill now.} g6 17. Kb1) 16... Nd4 {[%emt 0:06:48] Strongly threatening ...Bxc3.} 17. Bd1 Qe7 18. Rh3 c6 19. f4 Rae8 20. f5 $40 {[%emt 0:00:53][%mdl 128] White has some attack.} d5 (20... Nb5 $11 {remains equal.}) 21. exd5 $1 $16 Nxf5 22. Qg4 Bxc3 (22... Bxd5 $16 23. Qxf5 Be6) 23. Bxc3 $18 Qe4 24. Qxe4 Rxe4 {[%emt 0:00:01] [#]} 25. dxc6 bxc6 26. h6 {[%emt 0:00:08] Hoping for hxg7+.} ({Resist} 26. Bxa5 $6 Ra4 $16) 26... Bg6 27. hxg7+ Kxg7 28. Bg4 (28. Rd3 $142) 28... Nd4 $16 29. Bxd4 Rxd4 30. Bf5 (30. Rc3 $14) 30... Rf4 $11 31. Bxg6 hxg6 {[%emt 0:00:02][%mdl 4096] Endgame KRR-KRR} 32. Rg2 Rd8 33. Rhg3 g5 34. Rc3 Rd6 35. b3 a4 36. Kb2 Rd2 37. Rxc6 (37. bxa4 {keeps more tension.} Rb4+ 38. Ka3 Rdd4 39. a5) 37... axb3 38. Kxb3 Rdxf2 39. Rxf2 Rxf2 {[%emt 0:00:04] KR-KR} 40. a4 g4 41. Rc7+ $2 {[%emt 0:00:45] [#]} (41. a5 $11) 41... Kg6 $2 (41... Kh6 $1 $19 42. Rc3 (42. a5 $2 g3 $19) 42... Rf5) 42. a5 $1 Rf3+ 43. c3 $2 (43. Rc3 $11 {and White has nothing to worry.}) 43... g3 $2 ({Better is} 43... Re3 $19 {And now ...Re8 would win.} 44. Rc8 f5 45. Rg8+ Kh5) 44. Rc8 Kh7 45. a6 {[%emt 0:00:49] White wants to mate with a7.} g2 46. a7 g1=Q {[%emt 0:01:24] ( -> ...Qb6+)} 47. a8=Q $1 {[%emt 0:00:03] Intending Rh8+ and mate. KQR-KQR} ({Not} 47. Rc7+ $2 Kg6 48. a8=Q Qb1+ 49. Kc4 Rf4+ 50. Kc5 Rf5+ 51. Qd5 Rxd5+ $19) 47... Qb1+ 48. Kc4 $1 {[%emt 0:00:11] White threatens Rh8+ and mate.} Rf4+ 49. Kc5 Rf5+ 50. Kc6 $2 (50. Kc4 $11 Qb5+ 51. Kd4 Rf4+ 52. Ke3 Qe5+ 53. Kd3 Qd6+ 54. Ke3 Qe5+ 55. Kd3 Qd6+ 56. Ke3 Qe5+) 50... Qb5+ 51. Kd6 Qd3+ {[%emt 0:00:28] Black mates.} 52. Ke7 Re5+ 53. Kf8 Qd6+ 54. Kf7 Qe7# {[%emt 0:00:07] Quite a comeback for Black.  Weighted Error Value: White=0.45/Black=0.29 (precise)} 0-1

[Event "1st Caplin Menchik Memorial 2022"]
[Site "London"]
[Date "2022.06.23"]
[Round "6.4"]
[White "Hunt, Harriet V"]
[Black "Dworakowska, Joanna"]
[Result "0-1"]
[ECO "B67"]
[WhiteElo "2395"]
[BlackElo "2321"]
[Annotator "RC"]
[PlyCount "98"]
[EventDate "2022.06.21"]
[EventType "tourn"]
[EventCountry "ENG"]
[SourceTitle "playchess.com"]
[Source "ChessBase"]
[SourceQuality "1"]
[TimeControl "5400+30"]

1. e4 c5 2. Nc3 Nc6 3. Nge2 d6 4. d4 cxd4 5. Nxd4 Nf6 6. Bg5 e6 7. Qd2 a6 8. O-O-O Bd7 9. f3 Be7 10. h4 h6 11. Be3 h5 12. Bg5 Ne5 13. Be2 b5 14. f4 b4 15. fxe5 bxc3 16. Qxc3 Nxe4 17. Bxe7 Nxc3 18. Bxd8 Nxd1 19. exd6 Nf2 20. Rf1 Rxd8 21. Rxf2 Bc8 22. c4 Rxd6 23. Nb3 e5 24. c5 Rg6 25. Nd2 Bg4 26. Bd3 f5 27. Bxf5 Bxf5 28. Rxf5 Rxg2 29. Rxe5+ Kd8 30. b4 Rg4 31. Ne4 Re8 32. Rd5+ Kc7 33. Nc3 g6 34. Rd6 Kb7 35. Rb6+ Ka7 36. b5 Rc4 37. Rxa6+ Kb8 38. Rb6+ Kc7 39. Rc6+ Kd7 40. Kb2 Re6 41. Rxe6 Kxe6 42. b6 Kd7 43. Kb3 Rxc5 44. Kb4 Re5 45. a4 Kc6 46. a5 g5 47. hxg5 Rxg5 48. Ne2 Rg4+ 49. Kc3 h4 0-1

[Event "1st Caplin Menchik Memorial 2022"]
[Site "London"]
[Date "2022.06.23"]
[Round "6.5"]
[White "Vidic, Teja"]
[Black "Koubova, Anna Marie"]
[Result "0-1"]
[ECO "D70"]
[WhiteElo "2168"]
[BlackElo "2115"]
[Annotator "NA RC"]
[PlyCount "90"]
[EventDate "2022.06.21"]
[EventType "tourn"]
[EventCountry "ENG"]
[SourceTitle "playchess.com"]
[Source "ChessBase"]
[SourceQuality "1"]
[TimeControl "5400+30"]

1. Nf3 d5 2. c4 c6 3. d4 Nf6 4. e3 g6 5. b3 Bg7 6. Bb2 O-O 7. Bd3 Bf5 8. Bxf5 gxf5 9. Ne5 Nbd7 10. f4 Nxe5 11. fxe5 Ne4 12. O-O e6 13. Nd2 Nxd2 14. Qxd2 f6 15. exf6 Rxf6 16. Rf3 Rh6 17. Rc1 Qd6 18. h3 Rg6 19. Qa5 Qd8 20. Qb4 Rb8 21. Qc5 Bf8 22. Qxa7 Rg7 23. c5 Ra8 24. Qb6 Qxb6 25. cxb6 Rxa2 26. Rb1 Ra6 27. Bc3 Rxb6 28. b4 Bd6 29. Rf2 Rg3 30. Re2 Kf7 31. Be1 Rg8 32. Ra2 Rb5 33. Rbb2 Ke7 34. Kf2 e5 35. Bc3 e4 36. Ra4 Rg3 37. Ra5 f4 38. Bd2 f3 39. gxf3 Rxf3+ 40. Kg2 Rg3+ 41. Kf2 Rxh3 42. Rxb5 cxb5 43. Ra2 Rh2+ 44. Ke1 Kd7 45. Ra5 Rxd2 0-1

[Event "1st Caplin Menchik Memorial 2022"]
[Site "London"]
[Date "2022.06.24"]
[Round "7.1"]
[White "Koubova, Anna Marie"]
[Black "Yao, Lan"]
[Result "0-1"]
[ECO "A11"]
[WhiteElo "2115"]
[BlackElo "2276"]
[Annotator "NA RC"]
[PlyCount "82"]
[EventDate "2022.06.21"]
[EventType "tourn"]
[EventCountry "ENG"]
[SourceTitle "playchess.com"]
[Source "ChessBase"]
[SourceQuality "1"]
[TimeControl "5400+30"]

1. Nf3 Nf6 2. c4 e6 3. g3 d5 4. cxd5 exd5 5. Bg2 Be7 6. O-O c6 7. d3 Bf5 8. Nh4 Be6 9. e4 Qc8 10. Re1 dxe4 11. dxe4 O-O 12. Nc3 Na6 13. Qe2 Re8 14. b3 Bg4 15. f3 Be6 16. Kh1 Nd7 17. Bb2 Nf8 18. f4 Bg4 19. Nf3 Ne6 20. Nd1 Nec5 21. Nf2 Bd7 22. Rad1 f6 23. e5 Bf8 24. Qd2 f5 25. Ba1 Rd8 26. Nd4 Be6 27. Qc2 Nb4 28. Qb1 g6 29. Nh3 Be7 30. Ng1 Nd5 31. Ngf3 Nc7 32. b4 Ne4 33. Qb2 a5 34. b5 cxb5 35. Nxe6 Rxd1 36. Rxd1 Nxe6 37. Nd4 Bc5 38. Bxe4 Bxd4 39. Rxd4 fxe4 40. Rd6 Qc4 41. Qd2 Qf1# 0-1

[Event "1st Caplin Menchik Memorial 2022"]
[Site "London"]
[Date "2022.06.24"]
[Round "7.2"]
[White "Dworakowska, Joanna"]
[Black "Vidic, Teja"]
[Result "1-0"]
[ECO "C54"]
[WhiteElo "2321"]
[BlackElo "2168"]
[Annotator "TA"]
[PlyCount "71"]
[EventDate "2022.06.21"]
[EventType "tourn"]
[EventCountry "ENG"]
[SourceTitle "playchess.com"]
[Source "ChessBase"]
[SourceQuality "1"]
[TimeControl "5400+30"]

1. e4 e5 2. Nf3 Nc6 3. Bc4 Bc5 4. c3 Nf6 5. d4 exd4 6. e5 d5 7. Bb5 Ne4 8. cxd4 Bb4+ 9. Bd2 Bxd2+ {[%emt 0:15:24] C54: Giuoco Piano: 4 c3 Nf6, main lines with 5 d4 and 5 d3.} 10. Nfxd2 O-O (10... Qg5 {looks sharper.} 11. O-O Bh3 12. Qf3 Nxd2 13. Nxd2 Qxd2 14. Rfd1 Bxg2 15. Qxg2 Qf4) 11. Bxc6 bxc6 {[%emt 0:13:07] [#] The position is equal.} 12. O-O $146 ({Predecessor:} 12. Qc2 Nxd2 13. Nxd2 Bd7 14. O-O Qe7 15. Nb3 Rfb8 16. Rac1 Rb6 17. Nc5 Rab8 18. b3 {1-0 (26) Mangei,J (1872)-Voss,H (1432) Osnabrueck 2015}) 12... Rb8 13. Nb3 (13. f3 $5 Nxd2 14. Qxd2 $11) 13... f6 {[%emt 0:02:03] Hoping for ...Ba6.} (13... Ba6 $5 14. Re1 Qh4 $11) 14. f3 Ng5 15. Nc3 fxe5 16. dxe5 Ne6 17. Qd2 d4 18. Ne2 (18. Ne4 $11) 18... c5 $15 19. Rac1 Qd5 20. f4 (20. Rfd1 $17 {keeps fighting.}) 20... Bb7 $19 21. Rf2 Rbd8 (21... Rf7 $19 22. h4 g6) 22. Na5 $17 {[%emt 0:03:08] [#]} Ba8 23. h4 (23. Qd3 $17) 23... Qe4 (23... Qxa2 24. f5 $11) ({Black should play} 23... Rd7 $19 {Strongly threatening ...h6.} 24. Rcf1 Rdf7) 24. Kh2 $2 {[%emt 0:10:46] [#]} (24. Ng3 $15 Qg6 25. f5 Qxg3 26. fxe6 Qxh4 27. Nb3 (27. Rxc5 d3 $17)) 24... d3 $2 (24... Qxe5 $1 $19 {[%cal Od4d3][%mdl 512] Threatens to win with ...d3!} 25. Rcf1 (25. fxe5 $2 {is the wrong capture.} Rxf2 26. Rg1 d3 $19) 25... Qh5) 25. Ng3 $15 Qg6 {[%emt 0:06:09] And now ...Qh6 would win.} 26. f5 Qg4 27. fxe6 Rxf2 (27... Qxh4+ $2 28. Kg1 Rxf2 29. Qxf2 $18) 28. Qxf2 {[%emt 0:00:17] Black must now prevent Qf7+. Chess con chili.} d2 29. Rd1 Qxd1 $4 (29... Rf8 $11 30. Qxd2 (30. e7 Qxh4+ 31. Kg1 Rxf2 $17) 30... Qxh4+ 31. Kg1 Qxg3) 30. Qf7+ Kh8 {[%emt 0:00:06] aiming for ...Qg4.} 31. e7 {[%emt 0:00:05][%cal Re7d8] White mates.} Qg1+ 32. Kxg1 d1=Q+ 33. Kh2 {[%emt 0:00:04] Active counter play!} h6 34. Nf5 {[%emt 0:02:21][%csl Gf5][%cal Rf7g7] Pair of Knights!} Rg8 35. e8=Q {[%emt 0:00:10][%mdl 64] Discovered Attack, Overworked Piece} Rxe8 36. Qxg7# {[%emt 0:00:59] Quite a comeback for White.  Weighted Error Value: White=0.25 (precise) /Black=0.39} 1-0

[Event "1st Caplin Menchik Memorial 2022"]
[Site "London"]
[Date "2022.06.24"]
[Round "7.3"]
[White "Schulze, Lara"]
[Black "Hunt, Harriet V"]
[Result "1/2-1/2"]
[ECO "B43"]
[WhiteElo "2303"]
[BlackElo "2395"]
[Annotator "TA"]
[PlyCount "33"]
[EventDate "2022.06.21"]
[EventType "tourn"]
[EventCountry "ENG"]
[SourceTitle "playchess.com"]
[Source "ChessBase"]
[SourceQuality "1"]
[TimeControl "5400+30"]

1. e4 c5 2. Nc3 a6 3. g3 b5 4. Bg2 Bb7 5. Nf3 e6 6. d4 cxd4 7. Nxd4 Nf6 8. a3 Qc7 9. O-O d6 10. Re1 {[%emt 0:00:23][%cal Oc3d5] White wants to play Nd5! B43: Sicilian: Kan Variation: 5 Nc3.} Be7 11. a4 bxa4 12. Rxa4 {[%emt 0:00:42] Threatens to win with Rb4. White has an edge.} Nbd7 13. Nb3 $1 Nb6 {[%emt 0:09:36] [#]} 14. Ra2 $146 ({Predecessor:} 14. Rb4 e5 15. Na4 Nxa4 16. Rxa4 Bc6 17. Rc4 Qd7 18. Rc3 O-O 19. Na5 Bb5 20. Nc4 Qe6 21. Ne3 g6 22. h4 {½-½ (50) Pert,R (2430)-Eggleston,D (2399) Torquay 2019}) 14... Nc4 $1 {[%emt 0:05:59] Prevents Na5.} 15. Ra4 Nb6 16. Ra2 Nc4 $1 {[%emt 0:00:35] Inhibits Na5.} 17. Ra4 {[%emt 0:01:33] Weighted Error Value: White=0.07 (flawless) /Black=0.02 (flawless)} 1/2-1/2

[Event "1st Caplin Menchik Memorial 2022"]
[Site "London"]
[Date "2022.06.24"]
[Round "7.4"]
[White "Arakhamia-Grant, Ketevan"]
[Black "Varney, Zoe"]
[Result "1-0"]
[ECO "C90"]
[WhiteElo "2354"]
[BlackElo "2046"]
[Annotator "TA"]
[PlyCount "75"]
[EventDate "2022.06.21"]
[EventType "tourn"]
[EventCountry "ENG"]
[SourceTitle "playchess.com"]
[Source "ChessBase"]
[SourceQuality "1"]
[TimeControl "5400+30"]

1. e4 e5 2. Nf3 Nc6 3. Bb5 a6 4. Ba4 Nf6 5. O-O Be7 6. d3 b5 7. Bb3 d6 8. c3 O-O 9. Re1 Na5 10. Bc2 c5 11. Nbd2 Nc6 12. Nf1 h6 13. Ng3 Re8 14. h3 Be6 15. d4 {[%emt 0:01:48] C90: Closed Ruy Lopez with 7...d6: Early deviations.} cxd4 16. cxd4 exd4 17. Nxd4 {[%emt 0:01:39] The position is equal.} Nxd4 18. Qxd4 Rc8 19. Bb3 d5 20. e5 Nd7 21. Be3 Bc5 22. Qd1 d4 23. Bf4 Qb6 {[%emt 0:18:26] [#]} 24. Qh5 $146 ({Predecessor:} 24. Qf3 g5 25. Bd2 Bxb3 26. axb3 Nxe5 27. Qh5 d3 28. Ne4 Bd4 29. Be3 Re6 30. Rad1 {0-1 (53) Puranik,A (2550)-Arjun,K (2482) Barcelona 2019}) 24... d3 25. Ne4 Bb4 26. Nd6 {[%emt 0:25:03] Bxe6 is the strong threat.} Bxe1 ({Black should try} 26... Bxb3 $17 27. axb3 Bxd6 28. exd6 Qd4) 27. Rxe1 $11 {[%emt 0:00:29] Hoping for Bxe6. Dancing on a razor blade.} (27. Be3 {looks sharper.} Qc7 28. Bxe6 Nxe5 29. Nxe8 Rxe8 30. Rc1) 27... Bxb3 (27... Qa5 $2 28. Rd1 Bxb3 29. axb3 $18) 28. axb3 {[%emt 0:04:23] [#]} Qxd6 $1 29. exd6 Rxe1+ 30. Kh2 Rc2 31. Qg4 {[%emt 0:01:39][%csl LRd7,LRh6] Black must now prevent Bxh6.} Nf6 $2 (31... Rxf2 $2 32. Bxh6 g6 33. Qxd7 $18) (31... g5 $11 32. Qxd7 gxf4 33. Qg4+ Kf8) 32. d7 $18 Nxg4+ 33. hxg4 Rd1 34. d8=Q+ Kh7 35. Qd4 g6 (35... f6 $18 36. Kg3 Kh8) 36. Qf6 {[%emt 0:00:53][%csl LRa6,LRf7] White mates.} d2 37. Qxf7+ Kh8 38. Be5# {[%emt 0:00:05] Weighted Error Value: White=0.10 (very precise) /Black=0.73} 1-0

[Event "1st Caplin Menchik Memorial 2022"]
[Site "London"]
[Date "2022.06.24"]
[Round "7.5"]
[White "Toma, Katarzyna"]
[Black "Hryshchenko, Kamila"]
[Result "0-1"]
[ECO "B09"]
[WhiteElo "2304"]
[BlackElo "2037"]
[Annotator "TA"]
[PlyCount "72"]
[EventDate "2022.06.21"]
[EventType "tourn"]
[EventCountry "ENG"]
[SourceTitle "playchess.com"]
[Source "ChessBase"]
[SourceQuality "1"]
[TimeControl "5400+30"]

1. e4 g6 2. d4 Bg7 3. Nc3 d6 4. f4 Nf6 5. Nf3 O-O 6. Bd3 c5 7. d5 Na6 $1 {[%emt 0:01:19][%mdl 4] is now more promising than 7...e6.} 8. Qe2 Rb8 9. O-O Nc7 {[%emt 0:04:01][%cal Ob7b5] B09: Pirc Defence: Austrian Attack.} 10. a4 $1 {[%emt 0:00:34] Prevents b5.} Bd7 {[%emt 0:04:25] [#]} 11. Kh1 $146 ({Predecessor:} 11. Re1 a6 12. a5 e6 13. dxe6 fxe6 14. e5 Nfd5 15. Nxd5 Nxd5 16. exd6 Nxf4 17. Bxf4 Rxf4 {½-½ (43) Cursoux,G (1870)-Frey,T (1840) Loire 2013}) 11... Qc8 {[%emt 0:05:54] White is slightly better.} 12. Bc4 b6 13. e5 Nfe8 14. Ng5 Bg4 15. Qe1 h6 16. Nge4 a6 17. Qh4 {[%emt 0:05:07] Threatens to win with f5.} b5 $1 18. axb5 axb5 19. Be2 (19. Bd3 $11 b4 20. Nd1) 19... Bxe2 $17 20. Nxe2 {[%emt 0:00:05] [#]} f5 $1 21. exf6 Nxf6 22. f5 (22. Nxf6+ $15 exf6 23. f5) 22... Nxe4 23. Bxh6 (23. Qxe4 $17 Rxf5 24. Bd2) 23... Rxf5 $2 24. Bxg7 $11 Nxd5 25. Qxe4 (25. Qh6 Nf2+ 26. Kg1 Rh5 27. Qxg6 Qg4 28. Qxg4 Nxg4 $17) (25. Rxf5 $11 {keeps the balance.} Qxf5 26. Qh8+ Kf7 27. Qxb8 Kxg7 28. Qxb5) 25... Kxg7 $17 26. Ng3 {[%emt 0:01:22] [#]} (26. Ng1 $17) 26... Re5 $1 $19 ({Of course not} 26... Rxf1+ $6 27. Rxf1 e6 28. b4 $14 (28. Qf3 Qe8 $11)) 27. Qf3 Nf6 28. Ra7 (28. Rae1 $17) 28... Qe6 29. h3 (29. Raa1 $142) 29... Rh8 30. Kg1 Rh4 31. Qf2 Rd4 32. Rb7 (32. Raa1 {was called for.}) 32... b4 {[%emt 0:00:22] White must now prevent ...Re3.} 33. b3 $2 (33. Ra7) 33... Re3 34. Ra1 Qe5 {[%emt 0:02:34] Hoping for ...Nd5.} 35. Raa7 Nd5 36. Rb8 Rf4 {[%emt 0:00:38] Weighted Error Value: White=0.95/Black=0.23 (precise)} 0-1

[Event "1st Caplin Menchik Memorial 2022"]
[Site "London"]
[Date "2022.06.25"]
[Round "8.1"]
[White "Yao, Lan"]
[Black "Hryshchenko, Kamila"]
[Result "1-0"]
[ECO "B08"]
[WhiteElo "2276"]
[BlackElo "2037"]
[Annotator "TA"]
[PlyCount "25"]
[EventDate "2022.06.21"]
[EventType "tourn"]
[EventCountry "ENG"]
[SourceTitle "playchess.com"]
[Source "ChessBase"]
[SourceQuality "1"]
[TimeControl "5400+30"]

1. e4 g6 2. d4 Bg7 3. Nc3 d6 4. Nf3 a6 5. Be3 Nf6 6. h3 O-O 7. Be2 {[%emt 0:00:24] B08: Pirc Defence: Classical System.} b5 8. e5 Nfd7 9. e6 {[%emt 0:00:34] White is slightly better.} fxe6 {[%emt 0:01:27] [#]} 10. h4 $146 (10. Ng5 $5 Nf6 11. Bg4 $11) ({Predecessor:} 10. Ng5 Nb6 11. Bg4 Rf5 12. Bxf5 exf5 13. O-O h6 14. Nf3 Qf8 15. a4 b4 16. Ne2 {½-½ (40) Ivanov,A (2507)-Nyvlt,Z (2434) ICCF email 2015}) 10... Nf6 11. h5 c5 $2 {[%emt 0:11:15] [#]} (11... Nxh5 $11 {and Black is okay.} 12. Ng5 h6) 12. hxg6 $1 $18 ({But not} 12. dxc5 gxh5 13. Qd2 Bb7 $11) 12... hxg6 13. dxc5 {[%emt 0:22:13] Weighted Error Value: White=0.02 (flawless) /Black=0.41} 1-0

[Event "1st Caplin Menchik Memorial 2022"]
[Site "London"]
[Date "2022.06.25"]
[Round "8.2"]
[White "Varney, Zoe"]
[Black "Toma, Katarzyna"]
[Result "0-1"]
[ECO "B33"]
[WhiteElo "2046"]
[BlackElo "2304"]
[Annotator "TA"]
[PlyCount "68"]
[EventDate "2022.06.21"]
[EventType "tourn"]
[EventCountry "ENG"]
[SourceTitle "playchess.com"]
[Source "ChessBase"]
[SourceQuality "1"]
[TimeControl "5400+30"]

1. e4 c5 2. Nf3 Nc6 3. d4 cxd4 4. Nxd4 Nf6 5. Nc3 e5 6. Ndb5 d6 7. Nd5 Nxd5 8. exd5 Ne7 9. c4 Nf5 10. Bd3 Be7 {10...g6 is more advanced technology.} 11. O-O O-O 12. f4 {B33: Sicilian: Pelikan and Sveshnikov Variations.} Qb6+ 13. Kh1 {Strongly threatening fxe5.} Ne3 (13... a6 $142 14. Nc3 f6) 14. Bxe3 $16 {White is clearly better.} Qxe3 15. f5 {[#]} (15. Qc2 $16) 15... Bd7 $146 ({Predecessor:} 15... a6 16. f6 Bxf6 17. Nxd6 e4 18. Rxf6 exd3 19. Rf3 Qe5 20. Nxc8 Raxc8 21. b3 b5 {½-½ (38) Tronenkovs,V (2265)-Dejmek,M (2018) Chess.com INT 2021}) 16. Rf3 Qh6 (16... Qb6 $1 $14) 17. Rh3 (17. Nc3 $1 $16) 17... Qg5 $11 18. Qc2 ({Better is} 18. Qf1 $14) 18... g6 (18... Bxb5 $11 {remains equal.} 19. f6 g6 20. fxe7 Rfc8) 19. Rg3 $36 {[%mdl 2048] White has some pressure.} Qh5 ({Black should try} 19... Qh4 $14) 20. Rh3 (20. Nc3 $16) 20... Qg5 $11 21. Rg3 Qh6 (21... Qh5 $1 $11) 22. Nc3 $16 Kh8 23. Rf1 Rac8 24. b3 Qh4 $2 {[#]} (24... b5 $16 {keeps fighting.}) 25. Rh3 $1 $18 Qd4 26. Qc1 {[%cal Oc1h6] White threatens Qh6! and mate.} Rg8 $2 {[#]} (26... e4 27. Bxe4 Qg7) 27. Rxh7+ $4 Kxh7 $19 28. fxg6+ fxg6 29. Rf7+ Rg7 30. Rf3 Rf8 31. Rg3 Bf5 32. Be2 Rgf7 {[%cal Of5g4] Threatens to win with ...Bg4!} 33. Nb5 Qf2 {( -> ...Bg4)} 34. Qd1 Be4 {Weighted Error Value: White=1.03/Black=0.73} 0-1

[Event "1st Caplin Menchik Memorial 2022"]
[Site "London"]
[Date "2022.06.25"]
[Round "8.3"]
[White "Hunt, Harriet V"]
[Black "Arakhamia-Grant, Ketevan"]
[Result "1/2-1/2"]
[ECO "B28"]
[WhiteElo "2395"]
[BlackElo "2354"]
[Annotator "TA"]
[PlyCount "105"]
[EventDate "2022.06.21"]
[EventType "tourn"]
[EventCountry "ENG"]
[SourceTitle "playchess.com"]
[Source "ChessBase"]
[SourceQuality "1"]
[TimeControl "5400+30"]

1. e4 c5 2. Nf3 a6 3. c4 Nc6 4. d4 cxd4 5. Nxd4 e5 6. Nc2 Bc5 {[%emt 0:06:11] The main line 6...Bc5 scores better than 6...Nf6. B28: Sicilian: 2 Nf3 a6 (O'Kelly Variation).} 7. Nc3 Nge7 8. Bd3 O-O 9. O-O d6 10. Rb1 Be6 {[%emt 0:01:06] [#]} 11. a3 $146 ({Predecessor:} 11. b4 Ba7 12. Nd5 Nd4 13. Be3 Nec6 14. b5 axb5 15. cxb5 Bxd5 16. exd5 Ne7 17. Bxd4 exd4 {0-1 (34) McPhillips,J (2199)-Foisor,O (2397) Hastings 2013}) 11... Rc8 12. Ne3 (12. Nd5 {is more complex.} Nd4 13. b4 Ba7 14. Nxd4 Bxd4 15. Bg5) 12... Nd4 13. Ned5 Bxd5 14. cxd5 b5 15. Bd2 Qd7 16. b4 Bb6 17. a4 f5 18. exf5 Nexf5 19. axb5 axb5 20. Kh1 ({Much worse is} 20. Qh5 g6 21. Qg4 Bd8 $11) 20... Rf6 (20... Ra8 $14) 21. Qh5 g6 22. Qh3 Qb7 23. Ne4 $1 Rff8 {[%emt 0:02:00] [#]} 24. Ng5 $2 ({White must play} 24. g4 $1 $16 ) 24... Bd8 $1 $11 25. Be4 ({But not} 25. Ne6 Nxe6 26. dxe6 e4 $15) 25... Rc4 26. f3 h6 (26... Bxg5 $15 {stays ahead.} 27. Bxg5 Ng7) 27. Ne6 $16 Nxe6 28. dxe6 d5 29. Bxf5 Rxf5 30. Qxh6 Qg7 {[%emt 0:00:07] [#]} 31. g4 (31. Ra1 $1 $16) 31... Rf8 $1 $14 32. Rbe1 Bf6 (32... Qf6 $11) 33. Qe3 g5 (33... e4 $14) 34. Qb6 Rc2 (34... Qe7 $142) 35. Re2 Qe7 36. Qxb5 {[%emt 0:00:24] Strongly threatening Qd3. White is much more active.} Qxe6 37. Qd3 Rc7 38. Rfe1 Qd6 (38... Rcf7 $16 {is a better defense.}) 39. b5 d4 (39... Qe6 $16 40. Bxg5 e4) 40. Qe4 Rb8 (40... Rd7 $16 41. Rb1 Qd5) 41. Rb1 ({Don't play} 41. Qg6+ $6 Rg7 42. Qd3 Qd5 $16) 41... Kg7 (41... Qd7 $142 42. b6 Rc6) 42. Kg2 Rcb7 (42... d3 {might work better.} 43. Rf2 Rcb7) 43. h4 (43. Rc1 $142) 43... Rxb5 (43... gxh4 $142 44. g5 Be7) 44. Rxb5 $18 {[%emt 0:00:08] Really sharp!} Rxb5 45. hxg5 Bd8 46. f4 $2 (46. Qf5 $18 {[%cal Og5g6] And now g6! would win.} Qd5 47. Kg1) 46... exf4 $11 {[%emt 0:00:53] The position is equal.} 47. Bxf4 Qd5 48. Be5+ Kg8 49. Bxd4 {[%emt 0:01:28] Threatens to win with g6.} Qxe4+ 50. Rxe4 {[%emt 0:00:04] Intending g6 and mate.} Bxg5 51. Kf3 Rb4 52. Ke2 Bf6 53. Kd3 {[%emt 0:00:17] Black escapes into a draw.  Weighted Error Value: White=0.35/Black=0.24 (precise)} 1/2-1/2

[Event "1st Caplin Menchik Memorial 2022"]
[Site "London"]
[Date "2022.06.25"]
[Round "8.4"]
[White "Vidic, Teja"]
[Black "Schulze, Lara"]
[Result "0-1"]
[ECO "B69"]
[WhiteElo "2168"]
[BlackElo "2303"]
[Annotator "TA"]
[PlyCount "92"]
[EventDate "2022.06.21"]
[EventType "tourn"]
[EventCountry "ENG"]
[SourceTitle "playchess.com"]
[Source "ChessBase"]
[SourceQuality "1"]
[TimeControl "5400+30"]

1. e4 c5 2. Nf3 Nc6 3. d4 cxd4 4. Nxd4 Nf6 5. Nc3 d6 6. Bg5 e6 7. Qd2 a6 8. O-O-O Bd7 9. f4 Be7 10. Nf3 b5 11. Bxf6 gxf6 12. f5 O-O {[%emt 0:00:20] B69: Sicilian: Richter-Rauzer: 7...a6 8 0-0-0 Bd7 9 f4 Be7 10 Nf3 b5 11 Bxf6.} 13. g4 Kh8 14. Ne2 (14. h4 $14) 14... Qa5 {[%emt 0:05:50] The position is equal.} 15. Qxa5 Nxa5 16. Nf4 Rg8 17. Rg1 {[%emt 0:03:26][%cal Bh1g1,Bg1g3,Bg3e3,Be3e2][%mdl 32] [#]} Nc6 $146 ({Predecessor:} 17... Bc6 18. fxe6 fxe6 19. Nd4 Bxe4 20. Ndxe6 Rac8 21. Bd3 Bf3 22. Be2 Be4 23. Bd3 Bf3 {½-½ (75) Plaskett,H (2410)-Formanek,E (2410) New York 1979}) 18. h3 Rae8 19. Kb1 Ne5 20. Nd4 Bd8 21. Nh5 Bc8 22. Rg3 Bb7 23. Bg2 Nd7 24. Re3 Bb6 {[%emt 0:05:11] [#] Hoping for ...e5.} 25. Re2 Re7 26. e5 fxe5 27. Nc6 (27. Bxb7 $16 exd4 28. Bxa6) 27... Bxc6 $15 28. Bxc6 {[%emt 0:00:32] aiming for f6.} Nb8 $1 29. Bh1 Bc7 30. Nf6 (30. b3 $1 $15 {is more appropriate.}) 30... Rd8 $17 {[%emt 0:00:59] Black continues to play with concentration.} 31. c3 {[%emt 0:04:49] [#]} d5 $1 32. fxe6 fxe6 33. g5 e4 34. a4 Nc6 ({And not} 34... bxa4 35. c4 $11) 35. axb5 axb5 36. h4 Ne5 37. Rg1 Rf8 38. b3 $2 (38. Bxe4 {was necessary.} dxe4 39. Rxe4) 38... Bb6 $19 39. Rg3 (39. Rc1 $142 Ra8 40. Ra2 Rxa2 41. Kxa2) 39... Ra7 {[%emt 0:01:26] Strongly threatening ...Rfa8.} 40. Ra2 Rxa2 41. Kxa2 e3 42. Rg2 Nd3 {[%emt 0:01:06] White must now prevent ...b4.} 43. Kb1 Nf4 44. Kc2 Nxg2 45. Bxg2 Ra8 {[%emt 0:00:28] ( -> ...e2)} 46. Kd3 Ra2 {[%emt 0:00:24] Weighted Error Value: White=0.74/Black=0.16 (very precise)} 0-1